 Dungeon Crawl Stone Soup version 0.19.1 (webtiles) character file.

343667 Host24 the Sniper (level 23, -2/157 HPs)
             Began as a Kobold Hunter on Dec 27, 2016.
             Was the Champion of Okawaru.
             Slain by a juggernaut (22 damage)
             ... on level 3 of the Depths.
             The game lasted 04:50:32 (61941 turns).

Host24 the Sniper (Kobold Hunter)                  Turns: 61941, Time: 04:50:32

Health: -2/157     AC: 19    Str: 14    XL:     23   Next: 6%
Magic:  0/38       EV: 41    Int: 12    God:    Okawaru [******]
Gold:   4111       SH:  0    Dex: 29    Spells: 2 memorised, 19 levels left

rFire  + + .     SeeInvis +     h - +6 arbalest "Aliajan" {freeze, rF++}
rCold  . . .     Gourm    .     y - +2 ring mail of the Heron {-Cast MP+9 Str+3 Dex+3}
rNeg   . . .     Faith    .     (shield currently unavailable)
rPois  +         Spirit   +     b - +0 hat {Spirit}
rElec  +         Reflect  .     B - +1 cloak {rPois}
rCorr  .         Harm     .     Y - +2 pair of gloves {archery}
MR     +....     NoCast   +     Q - +1 pair of boots {Stlth+}
Stlth  +++++.....               Z - amulet of regeneration
                                e - +5 ring of slaying
                                N - ring of see invisible

@: heroism
A: repulsion field 1, agile 1, carnivore 3, electricity resistance
a: Heroism, Finesse, Renounce Religion
}: 2/15 runes: decaying, gossamer


You were on level 3 of the Depths.
You worshipped Okawaru.
Okawaru was exalted by your worship.
You were completely stuffed.

You visited 8 branches of the dungeon, and saw 38 of its levels.
You also visited: Labyrinth, Ossuary and Volcano.

You collected 4315 gold pieces.
You spent 204 gold pieces at shops.

Inventory:

Hand Weapons
 h - the +6 arbalest "Aliajan" (weapon) {freeze, rF++}
   (Okawaru gifted it to you on level 2 of the Orcish Mines)

   It causes projectiles fired from it to freeze those they strike, causing
   extra injury to most foes and up to half again as much damage against
   particularly susceptible opponents.
   They can also slow down cold-blooded creatures.
   It greatly protects you from fire.
 p - the +3 arbalest of Peheic {elec, rF+}
   (Okawaru gifted it to you on level 1 of the Depths)

   It charges the ammunition it shoots with electricity; occasionally upon a
   hit, such missiles may discharge and cause terrible harm.
   It protects you from fire.
 R - the +10 morningstar "Lopagido" {crush, rC+ Str+4}
   (You found it on level 11 of the Dungeon)

   It inflicts extra damage upon your enemies.
   It affects your strength (+4).
   It protects you from cold.
 U - the +6 arbalest "Damnation" {damnation}
   (Okawaru gifted it to you on level 2 of the Depths)
Missiles
 d - 801 bolts (quivered)
Armour
 b - a +0 hat of spirit shield (worn)
 g - the +0 buckler of a sewer {+Blink Str+7 Dex+5}
   (You found it on level 3 of the Depths)

   It affects your strength (+7).
   It affects your dexterity (+5).
   It lets you blink.
 l - a +2 buckler of protection
 u - +0 fire dragon scales
 y - the +2 ring mail of the Heron (worn) {-Cast MP+9 Str+3 Dex+3}
   (You found it on level 3 of the Lair of Beasts)

   It affects your strength (+3).
   It affects your dexterity (+3).
   It affects your magic capacity (+9).
   It prevents spellcasting.
 B - a +1 cloak of poison resistance (worn)
 Q - a +1 pair of boots of stealth (worn)
 Y - a +2 pair of gloves of archery (worn)
Jewellery
 c - an uncursed ring of resist corrosion
 e - a +5 ring of slaying (right hand)
 D - a +5 ring of evasion
 I - an uncursed ring of flight
 N - a ring of see invisible (left hand)
 Z - an amulet of regeneration (around neck)
Wands
 n - a wand of flame (26/48)
 o - a wand of iceblast (10/15)
 t - a wand of heal wounds (8/9)
 A - a wand of digging (6/24)
Scrolls
 a - a scroll of enchant armour
 i - a scroll of recharging
 k - 7 scrolls of teleportation
 L - a scroll of fog
 M - 2 scrolls of magic mapping
 S - 2 scrolls of summoning
 T - 3 scrolls of fear
 V - 3 scrolls of blinking
Potions
 j - 4 potions of might
 q - 3 potions of cancellation
 r - 4 potions of curing
 s - 2 potions of agility
 v - 2 potions of heal wounds
 x - 4 potions of resistance
 G - a potion of haste
 H - 5 potions of flight
 J - 2 potions of magic
 K - 4 potions of berserk rage
 W - 4 potions of brilliance
Books
 m - a book of Power

   Spells                             Type                      Level
   a - Fulminant Prism                Conjuration/Hexes            4
   b - Iskenderun's Mystic Blast      Conjuration                  4
   c - Venom Bolt                     Conjuration/Poison           5
   d - Bolt of Magma                  Conjuration/Fire/Earth       5
   e - Iron Shot                      Conjuration/Earth            6
   f - Orb of Destruction             Conjuration                  7
   g - Spellforged Servitor           Conjuration/Summoning        7
Miscellaneous
 E - a disc of storms
Comestibles
 f - 21 meat rations
 w - 3 chunks of flesh


   Skills:
 - Level 20.2(25.2) Fighting
 - Level 5.1(10.1) Maces & Flails
 + Level 24.6(27) Crossbows
 - Level 11.0(16.0) Armour
 - Level 22.0(27) Dodging
 - Level 1.3(6.3) Stealth
 - Level 8.0 Invocations


You had 19 spell levels left.
You knew the following spells:

 Your Spells              Type           Power        Failure   Level  Hunger
a - Repel Missiles        Chrm/Air       #.....       80%         2    ###....
b - Summon Butterflies    Summ           #.......     56%         1    ##.....


Dungeon Overview and Level Annotations

Branches:
Dungeon (15/15)            Temple (1/1) D:6            Lair (6/6) D:10
  Swamp (4/4) Lair:4       Spider (4/4) Lair:2        Slime (0/5) Lair:6
    Orc (2/2) D:9             Elf (3/3) Orc:2        Vaults (0/5) D:14
 Depths (3/5) D:15

Altars:
Ashenzari
Cheibriados
Dithmenos
Elyvilon
Fedhas
Gozag
Hepliaklqana
Kikubaaqudgha
Makhleb
Nemelex Xobeh
Okawaru
Qazlal
Ru
Sif Muna
Trog
Uskayaw
Vehumet
Xom
Yredelemnul
Zin
The Shining One
Beogh

Shops:
D:4 [*   D:5 :   D:6 *   D:8 (   D:11 :   D:13 (   Orc:2 [[*!   Elf:2 =}=
Elf:3 !

Portals:
Hell: Depths:1 Depths:2 Depths:3
Abyss: Depths:2
Pandemonium: Depths:3
Trove: Elf:3 (give 5 potions of resistance)

Annotations:
D:9 1 runed door


Innate Abilities, Weirdness & Mutations

You are small and have problems with some larger weapons.
You are carnivorous and can eat meat at any time.
You are surrounded by a mild repulsion field. (EV +2)
You are agile. (Dex +2)
You are resistant to electric shocks. (rElec)


Message History

The bolt freezes the juggernaut.
The juggernaut is almost dead.
The juggernaut hits you!!!
* * * LOW HITPOINT WARNING * * *
The juggernaut misses you.
Firing (i - inventory):
d - 803 bolts (quivered)
Press: ? - help, Shift-Dir - straight line, f/p - juggernaut
Aim: a juggernaut (almost dead)
You shoot a bolt.
The bolt hits the juggernaut but does no damage.
The juggernaut is almost dead.
Firing (i - inventory):
d - 802 bolts (quivered)
Press: ? - help, Shift-Dir - straight line, f/p - juggernaut
Aim: a juggernaut (almost dead)
You shoot a bolt. The bolt hits the juggernaut!
The bolt freezes the juggernaut.
The juggernaut is almost dead.
You gain the combat prowess of a mighty hero.
The juggernaut completely misses you. The juggernaut hits you!!
You die...

# # ###### #
#############.##.#### #
#...................# #
#.####.........####.# #
#.#..###########..#.# #
#.#..(($#####).'..#.# #
#.##'####...####'##.# #
#..#.(C@'...'....#..# #
#..#.####...####'#..# ######
###.[#.#..##'##....#..# .....#
#....#.##.##.##∩#..#..#
####.###....#....##.##....#..#
.....##....##'#####.##..#'##.#
##..[......#..# #.#####..#.#
###........#..#####[#####.)#.#
##..)......####.........####.#


You could see a juggernaut.

Vanquished Creatures
  Mara (Elf:3)
  Bai Suzhen (Elf:3)
  the Lernaean hydra (Swamp:4)
  A lich (Depths:2)
  Arachne (Spider:2)
  6 deep elf master archers (Elf:3)
  Asterion (Spider:1)
  A quicksilver dragon (shapeshifter) (Depths:2)
  4 deep elf blademasters
  A sphinx (Depths:2)
  5 thorn hunters
  2 tengu reavers (Depths:2)
  A fire giant (Depths:3)
  2 ghost moths
  5 deep elf sorcerers (Elf:3)
  9 emperor scorpions
  3 deep elf elementalists (Elf:3)
  2 frost giants
  3 orc warlords
  Louise (Spider:2)
  9 very ugly things
  5 stone giants
  A vampire knight (Depths:3)
  3 deep elf demonologists
  2 entropy weavers
  4 deep elf annihilators (Elf:3)
  Azrael (Orc:2)
  3 spark wasps (Depths:1)
  3 ettins
  A minotaur (Lab)
  4 deep elf death magi (Elf:3)
  A deep elf high priest (Elf:3)
  8 yaktaur captains (Depths:3)
  3 fire dragons
  The ghost of randomNumberGod the Severer, a journeyman MiMo of Okawaru (D:13)
  The ghost of Host24 the Fighter, a journeyman KoHu of Dithmenos (Volcano)
  4 great orbs of eyes
  An ice dragon (shapeshifter) (Depths:1)
  2 ice dragons (Depths:1)
  31 hydras
  A rakshasa (Depths:3)
  A catoblepas (Lair:6)
  6 ogre magi
  11 centaur warriors
  A ghost crab (Swamp:2)
  A death knight (D:15)
  10 alligators
  8 deep troll shamans
  19 dancing weapons
  3 deep troll earth magi (Depths:2)
  2 hell hogs (Depths:1)
  3 death yaks (Lair:6)
  10 tengu warriors
  5 orc high priests
  Urug (D:11)
  2 spriggan berserkers (Depths:3)
  15 deep elf knights
  The ghost of Kave the Ruffian, a novice TrTm of Sif Muna (D:7)
  A skeletal warrior (D:15)
  13 hell knights
  2 iron trolls (Depths:1)
  2 unseen horrors
  2 wizards
  An obsidian statue (Volcano)
  13 swamp dragons
  A flayed ghost (Depths:3)
  14 deep trolls
  3 glowing orange brains
  18 orb spiders
  12 deep elf archers
  7 hill giants
  4 necromancers
  4 shambling mangroves
  4 lindwurms
  5 orc sorcerers
  A wolf spider zombie (D:15)
  32 wolf spiders
  6 orc knights
  17 ugly things
  A mana viper (shapeshifter) (Depths:2)
  43 deep elf magi
  3 manticores
  2 moths of wrath (Spider:4)
  4 elephants (Lair:6)
  A rust devil (Depths:3)
  Joseph (D:8)
  4 black mambas
  A hellion (Depths:3)
  A gargoyle (D:15)
  11 spiny frogs
  6 yaktaurs
  A freezing wraith (D:15)
  8 komodo dragons
  An efreet (D:15)
  4 rime drakes
  A yaktaur (shapeshifter) (Elf:3)
  13 demonic crawlers
  5 tengu conjurers
  43 jumping spiders
  9 trolls
  A merfolk (D:11)
  A polar bear (Lair:4)
  6 tyrant leeches
  13 two-headed ogres
  A snapping turtle (shapeshifter) (Elf:1)
  14 hornets
  A minotaur skeleton (Lab)
  8 bog bodies
  18 hippogriffs
  12 dream sheep
  14 blink frogs
  36 slime creatures
  3 air elementals (Elf:3)
  7 spriggans
  3 shadows
  102 redbacks
  42 yaks
  29 tarantellas
  Sigmund (D:2)
  A yak (shapeshifter) (D:13)
  A wraith (D:15)
  2 water elementals
  3 wyverns
  8 fire elementals
  6 fire bats (Volcano)
  5 hungry ghosts
  5 basilisks
  12 vampire mosquitoes
  A warg (Orc:2)
  2 mottled dragons
  37 swamp worms
  21 insubstantial wisps
  12 water moccasins
  8 hell hounds
  Duvessa (D:5)
  6 porcupines
  A floating eye (Depths:3)
  14 swamp drakes
  6 ice beasts
  7 sky beasts
  6 black bears
  4 phantoms
  24 orc warriors
  19 centaurs
  A necrophage (D:8)
  A wolf (shapeshifter) (D:13)
  37 ogres
  5 boggarts (Depths:2)
  An eye of draining (D:13)
  17 wolves
  2 hornet zombies
  6 crocodiles
  2 big kobolds
  18 bullfrogs
  An elf zombie (Ossuary)
  3 earth elementals
  Dowan (D:5)
  2 scorpions
  9 killer bees (D:9)
  3 howler monkeys
  4 electric eels (D:10)
  3 crimson imps
  5 centaur zombies
  8 lava snakes (Volcano)
  2 quasits (D:10)
  A bullfrog zombie (D:7)
  13 hounds
  40 orc priests
  22 jellies
  40 orc wizards
  4 bullfrog skeletons
  10 centaur skeletons
  4 iguanas
  16 worker ants
  A killer bee zombie (D:7)
  An ogre skeleton (Lab)
  3 hound skeletons
  A hound zombie (D:6)
  2 mummies (Ossuary)
  2 worker ant zombies
  Robin (D:2)
  7 gnolls (D:4)
  20 adders
  A howler monkey skeleton (D:10)
  8 shadow imps
  13 oozes
  6 adder zombies
  4 adder skeletons
  10 worms (Spider:4)
  A dart slug (D:1)
  6 leopard geckos
  112 orcs
  2 ball pythons
  8 bats
  7 giant cockroaches
  15 goblins
  7 hobgoblins
  13 jackals
  9 quokkas
  14 frilled lizards
  A goblin zombie (Ossuary)
  13 hobgoblin zombies (Ossuary)
  A jackal skeleton (D:4)
  5 jackal zombies
  19 kobolds
  9 kobold zombies (Ossuary)
  A leopard gecko skeleton (D:6)
  4 orc zombies (Ossuary)
  A quokka skeleton (D:7)
  3 quokka zombies
  9 rats
  A briar patch (Swamp:4)
  A plant (Lair:5)
1711 creatures vanquished.

Vanquished Creatures (collateral kills)
  Snorg (Orc:1)
1 creature vanquished.

Vanquished Creatures (others)
  A tengu conjurer (D:12)
  2 blink frogs (Swamp:3)
  A redback (Spider:2)
  A goblin (D:2)
  A jackal (D:10)
  12 fungi
  3 plants
21 creatures vanquished.

Grand Total: 1733 creatures vanquished

Notes
Turn   | Place    | Note
-------+----------+-------------------------------------------
     0 | D:1      | Host24 the Kobold Hunter began the quest for the Orb.
     0 | D:1      | Reached XP level 1. HP: 12/12 MP: 1/1
   181 | D:1      | Reached XP level 2. HP: 18/18 MP: 2/2
   559 | D:1      | Reached XP level 3. HP: 23/23 MP: 3/3
   840 | D:1      | Reached skill level 5 in Crossbows
  1285 | D:2      | Reached XP level 4. HP: 15/29 MP: 4/4
  1593 | D:2      | Noticed Sigmund
  1608 | D:2      | Killed Sigmund
  1608 | D:2      | Reached XP level 5. HP: 18/36 MP: 5/5
  1608 | D:2      | Reached XP level 6. HP: 20/41 MP: 6/6
  2140 | D:2      | Noticed Robin
  2181 | D:2      | Killed Robin
  3483 | D:3      | Found a snail-covered altar of Cheibriados.
  3580 | D:3      | Reached XP level 7. HP: 48/48 MP: 7/7
  3729 | D:3      | Found a shattered altar of Ashenzari.
  3945 | D:4      | Reached skill level 5 in Dodging
  4011 | D:4      | Found Xiocigav's Antique Armour Shop.
  4068 | D:4      | Reached XP level 8. HP: 34/53 MP: 8/8
  4674 | D:4      | Found Nigenger's Assorted Antiques.
  4885 | D:5      | Entered Level 5 of the Dungeon
  5041 | D:5      | Found Nokot's Book Shop.
  5100 | D:5      | HP: 2/54 [ice beast (6)]
  5775 | D:5      | Noticed Dowan
  5776 | D:5      | Noticed Duvessa
  5798 | D:5      | Killed Duvessa
  5805 | D:5      | Killed Dowan
  5805 | D:5      | Reached XP level 9. HP: 57/60 MP: 9/9
  6370 | D:6      | Found Lemeuth's Assorted Antiques.
  6439 | D:6      | Reached skill level 10 in Fighting
  6663 | D:6      | Found a sand-covered staircase.
  6752 | Ossuary  | Entered an ossuary
  7459 | D:6      | Found a staircase to the Ecumenical Temple.
  7470 | Temple   | Entered the Ecumenical Temple
  7664 | Temple   | Became a worshipper of Warmaster Okawaru
  8885 | D:6      | Reached XP level 10. HP: 71/71 MP: 10/10
  8913 | D:6      | Reached * piety under Okawaru
  8953 | D:7      | Noticed Kave's ghost (novice TrTm)
  9577 | D:7      | Reached skill level 6 in Crossbows
 10097 | D:7      | Killed Kave's ghost
 10097 | D:7      | Reached ** piety under Okawaru
 10097 | D:7      | Reached skill level 8 in Crossbows
 10393 | D:8      | Noticed Joseph
 10410 | D:8      | Killed Joseph
 10410 | D:8      | Reached skill level 9 in Crossbows
 11064 | D:8      | Found a burning altar of Makhleb.
 11201 | D:8      | Found Beotsep's Antique Weapon Shop.
 11267 | D:8      | Reached skill level 10 in Crossbows
 11382 | D:8      | Reached *** piety under Okawaru
 11629 | D:8      | Bought a runed hand crossbow for 180 gold pieces
 11829 | D:9      | Found a bloodstained altar of Trog.
 11829 | D:9      | Found a stormy altar of Qazlal.
 11838 | D:9      | Found a basalt altar of Yredelemnul.
 11840 | D:9      | Found a faded altar of an unknown god.
 11842 | D:9      | Found a faded altar of an unknown god.
 11861 | D:9      | Found a shimmering altar of Xom.
 11861 | D:9      | Found a shimmering altar of Xom.
 11862 | D:9      | Found a shimmering altar of Xom.
 11862 | D:9      | Found a shimmering altar of Xom.
 11969 | D:9      | Reached skill level 10 in Dodging
 11969 | D:9      | Reached XP level 11. HP: 63/76 MP: 9/11
 12398 | D:9      | Found a staircase to the Orcish Mines.
 12410 | D:9      | Noticed a hill giant
 12435 | D:9      | Got a bone broad axe
 12572 | D:9      | Found a shimmering altar of Xom.
 12574 | D:9      | Found a shimmering altar of Xom.
 12595 | D:9      | Identified the +1 broad axe of the Spinneret {chop, MR+ Str+3 Dex-2} (You found it on level 9 of the Dungeon)
 12600 | D:9      | Reached skill level 1 in Invocations
 12620 | D:9      | Found a runed door.
 12622 | D:9      | Noticed a sixfirhy
 12684 | D:9      | Received a gift from Okawaru
 12927 | D:9      | Killed a hill giant
 13117 | D:9      | Reached skill level 5 in Invocations
 13162 | D:10     | Entered Level 10 of the Dungeon
 13312 | D:10     | Reached **** piety under Okawaru
 13420 | D:10     | Found a staircase to the Lair.
 13451 | D:10     | Received a gift from Okawaru
 14189 | D:10     | Received a gift from Okawaru
 14644 | D:11     | Got a scorched morningstar
 14645 | D:11     | Identified the +10 morningstar "Lopagido" {crush, rC+ Str+4} (You found it on level 11 of the Dungeon)
 14701 | D:11     | Noticed Urug
 14872 | D:11     | Reached skill level 1 in Maces & Flails
 15207 | D:11     | Killed Urug
 15390 | D:11     | Found Piuvukace's Book Emporium.
 15416 | D:11     | Noticed a manticore
 15421 | D:11     | Killed a manticore
 15421 | D:11     | Reached XP level 12. HP: 62/82 MP: 10/15
 15644 | Lair:1   | Entered Level 1 of the Lair of Beasts
 15752 | Lair:1   | Learned a level 2 spell: Repel Missiles
 16211 | Lair:1   | Gained mutation: Your magical capacity is low. (-10% MP) [potion of mutation]
 16211 | Lair:1   | Gained mutation: You expend magic power (3 MP) to strengthen your wands. [potion of mutation]
 16214 | Lair:1   | Gained mutation: You are surrounded by a mild repulsion field. (EV +2) [potion of beneficial mutation]
 16455 | Lair:2   | Received a gift from Okawaru
 16640 | Lair:2   | Found a hole to the Spider Nest.
 16823 | Lair:2   | Reached ***** piety under Okawaru
 16823 | Lair:2   | Received a gift from Okawaru
 16921 | Lair:2   | Reached skill level 11 in Crossbows
 17265 | Lair:2   | Received a gift from Okawaru
 17354 | Lair:3   | Noticed a four-headed hydra
 17361 | Lair:3   | Killed a four-headed hydra
 17460 | Lair:3   | Reached skill level 12 in Crossbows
 17717 | Lair:3   | Reached XP level 13. HP: 75/89 MP: 11/15
 17950 | Lair:3   | Got a spiked ring mail
 17961 | Lair:3   | Identified the +2 ring mail of the Heron {-Cast MP+9 Str+3 Dex+3} (You found it on level 3 of the Lair of Beasts)
 18159 | Lair:3   | Reached skill level 1 in Armour
 18379 | Lair:4   | Noticed a four-headed hydra
 18392 | Lair:4   | Killed a four-headed hydra
 18431 | Lair:4   | Received a gift from Okawaru
 18448 | Lair:4   | Found a labyrinth entrance.
 18448 | Lair:4   | Noticed a six-headed hydra
 18489 | Lair:4   | Killed a six-headed hydra
 18489 | Lair:4   | Reached skill level 5 in Armour
 18548 | Lab      | Entered a labyrinth
 18831 | Lab      | Got a slimy leather armour
 18842 | Lab      | Identified the +2 leather armour of Sloth {rN+++ Regen+ Int+6 Dex-4} (You found it in a labyrinth)
 18960 | Lab      | Received a gift from Okawaru
 18961 | Lab      | Got an iridescent arbalest {god gift}
 18963 | Lab      | Identified the +2 arbalest "Jagistrac" {freeze, rF+ Dex+3} (Okawaru gifted it to you in a labyrinth)
 20264 | Lab      | Noticed a minotaur
 20277 | Lab      | Killed a minotaur
 20407 | Lair:4   | Noticed a five-headed hydra
 20413 | Lair:4   | Killed a five-headed hydra
 20594 | Lair:4   | Found a staircase to the Swamp.
 21008 | Lair:5   | Identified a +0 rod of inaccuracy (10/10) (You found it on level 5 of the Lair of Beasts)
 21391 | Lair:5   | Received a gift from Okawaru
 21954 | Lair:6   | Entered Level 6 of the Lair of Beasts
 21960 | Lair:6   | Noticed a six-headed hydra
 21980 | Lair:5   | Killed a six-headed hydra
 21980 | Lair:5   | Reached skill level 13 in Crossbows
 21980 | Lair:5   | Reached XP level 14. HP: 96/96 MP: 17/17
 21996 | Lair:6   | Received a gift from Okawaru
 22093 | Lair:6   | Received a gift from Okawaru
 22187 | Lair:6   | Reached skill level 14 in Crossbows
 22401 | Lair:6   | Found a staircase to the Slime Pits.
 22470 | Lair:6   | Found a hide-covered altar of Uskayaw.
 23180 | Lair:6   | Reached skill level 15 in Fighting
 23200 | Lair:6   | Received a gift from Okawaru
 23490 | Lair:6   | Reached ****** piety under Okawaru
 23823 | Lair:6   | Got a crystal dagger
 23943 | Lair:6   | Reached skill level 15 in Crossbows
 24138 | Swamp:1  | Entered Level 1 of the Swamp
 24269 | Swamp:1  | Identified the +2 dagger of the Fulmar {pierce, rC+ Int-2 Dex+9 Stlth+} (You found it on level 6 of the Lair of Beasts)
 24314 | Swamp:1  | Received a gift from Okawaru
 24514 | Lair:4   | Received a gift from Okawaru
 25041 | Swamp:1  | Received a gift from Okawaru
 25081 | Swamp:1  | Reached XP level 15. HP: 86/103 MP: 18/18
 26132 | Swamp:2  | Reached skill level 16 in Crossbows
 26295 | Swamp:2  | Received a gift from Okawaru
 26296 | Swamp:2  | Got a steaming triple crossbow {god gift}
 26297 | Swamp:2  | Identified the +5 triple crossbow "Sarcophage" {penet, rPois rF- Str+4 Dex+2} (Okawaru gifted it to you on level 2 of the Swamp)
 27053 | Swamp:3  | Reached skill level 15 in Dodging
 27126 | Swamp:3  | Noticed a thorn hunter
 28120 | Swamp:2  | Paralysed by a hornet for 1 turns
 28477 | Spider:1 | Entered Level 1 of the Spider Nest
 28665 | Spider:1 | Got a transparent ring mail
 28676 | Spider:1 | Identified the +5 ring mail of Undesirable Species {rElec MR- Dex+6 SInv} (You found it on level 1 of the Spider Nest)
 28733 | Spider:1 | Received a gift from Okawaru
 28761 | Spider:1 | Noticed Asterion
 28795 | Spider:1 | Noticed a balrug
 29036 | Lair:1   | Lost mutation: Your magical capacity is low. (-10% MP) [potion of cure mutation]
 29036 | Lair:1   | Lost mutation: You expend magic power (3 MP) to strengthen your wands. [potion of cure mutation]
 29036 | Lair:1   | Lost mutation: You are surrounded by a mild repulsion field. (EV +2) [potion of cure mutation]
 29038 | Lair:1   | Gained mutation: You are agile. (Dex +2) [potion of beneficial mutation]
 29039 | Lair:1   | Gained mutation: You are resistant to electric shocks. (rElec) [potion of beneficial mutation]
 29040 | Lair:1   | Gained mutation: You are surrounded by a mild repulsion field. (EV +2) [potion of beneficial mutation]
 29095 | Orc:1    | Entered Level 1 of the Orcish Mines
 29095 | Orc:1    | Noticed an orc warlord
 29098 | Orc:1    | Paralysed by an orc sorcerer for 4 turns
 29106 | D:9      | Paralysed by an orc sorcerer for 2 turns
 29526 | D:9      | Killed an orc warlord
 29769 | Orc:1    | Found a roughly hewn altar of Beogh.
 29931 | Orc:2    | Entered Level 2 of the Orcish Mines
 29936 | Orc:2    | Noticed Azrael
 29960 | Orc:2    | Noticed Snorg
 30020 | Orc:1    | Killed Snorg
 30120 | Orc:2    | Killed Azrael
 30156 | Orc:2    | Found a dark tunnel.
 30206 | Volcano  | Entered a volcano
 30299 | Volcano  | Noticed Host24's ghost (journeyman KoHu)
 30407 | Volcano  | Killed Host24's ghost
 30503 | Volcano  | Received a gift from Okawaru
 30526 | Volcano  | Found a burning altar of Makhleb.
 30991 | Orc:2    | Reached XP level 16. HP: 110/110 MP: 22/22
 31428 | Orc:2    | Received a gift from Okawaru
 31515 | Orc:2    | Found a staircase to the Elven Halls.
 31722 | Orc:2    | Found Bucot's Assorted Antiques.
 31722 | Orc:2    | Found Bien Guo's Armour Boutique.
 31722 | Orc:2    | Found Upnaizxa's Armour Boutique.
 31727 | Orc:2    | Found Minnyrorph's Distillery.
 31753 | Orc:2    | Reached skill level 5 in Maces & Flails
 31955 | Orc:2    | Bought a scroll labeled CEUPLA JUTH for 24 gold pieces
 31994 | Orc:2    | Received a gift from Okawaru
 31996 | Orc:2    | Got a polished arbalest {god gift}
 31997 | Orc:2    | Identified the +6 arbalest "Aliajan" {freeze, rF++} (Okawaru gifted it to you on level 2 of the Orcish Mines)
 33322 | D:13     | Found Javuntul's Antique Weapon Shop.
 33324 | D:13     | Noticed randomNumberGod's ghost (journeyman MiMo)
 33899 | Swamp:2  | Reached skill level 17 in Crossbows
 34015 | Swamp:3  | Killed a thorn hunter
 34510 | Swamp:4  | Entered Level 4 of the Swamp
 34521 | Swamp:4  | Noticed a thorn hunter
 34596 | Swamp:4  | Noticed the 27-headed Lernaean hydra
 34606 | Swamp:3  | Received a gift from Okawaru
 35084 | Swamp:4  | Noticed a thorn hunter
 35272 | Swamp:4  | Received a gift from Okawaru
 35487 | Swamp:4  | Received a gift from Okawaru
 35947 | Swamp:4  | Killed a thorn hunter
 35947 | Swamp:4  | Reached skill level 18 in Crossbows
 35995 | Swamp:4  | Noticed a thorn hunter
 36525 | Swamp:4  | Killed a thorn hunter
 36535 | Swamp:4  | Killed a thorn hunter
 36535 | Swamp:4  | Reached XP level 17. HP: 116/116 MP: 23/23
 37156 | Swamp:2  | Noticed a thorn hunter
 37168 | Swamp:2  | Killed a thorn hunter
 38242 | Swamp:4  | Received a gift from Okawaru
 38334 | Swamp:4  | Got a decaying rune of Zot
 38769 | Swamp:4  | Received a gift from Okawaru
 39499 | D:13     | Killed randomNumberGod's ghost
 39628 | D:12     | Received a gift from Okawaru
 39922 | D:13     | Got a brightly glowing robe
 40535 | D:14     | Received a gift from Okawaru
 40966 | D:14     | Found a gate to the Vaults.
 40968 | D:14     | Paralysed by a wizard for 7 turns
 41147 | D:14     | Reached XP level 18. HP: 128/128 MP: 24/24
 41149 | D:15     | Entered Level 15 of the Dungeon
 42490 | D:15     | Found a staircase to the Depths.
 42517 | D:15     | Identified the +0 robe "Qaixti Romyr" {+Inv rPois rC+} (You found it on level 13 of the Dungeon)
 43786 | Spider:1 | Killed Asterion
 43786 | Spider:1 | Reached skill level 19 in Crossbows
 43787 | Spider:1 | Received a gift from Okawaru
 44227 | Spider:2 | Received a gift from Okawaru
 44248 | Spider:2 | Noticed Louise
 44264 | Spider:2 | Killed Louise
 44335 | Spider:2 | Received a gift from Okawaru
 45015 | Spider:2 | Noticed Arachne
 45033 | Spider:2 | Killed Arachne
 45268 | Spider:2 | Got a translucent hand axe
 45930 | Spider:3 | Reached XP level 19. HP: 132/132 MP: 25/25
 45953 | Spider:3 | Got a crude long sword
 46001 | Spider:3 | Got a steaming robe
 46412 | Spider:3 | Identified the +8 long sword "Moarhohe" {drain, rElec rC+++ MR- Int-5} (You found it on level 3 of the Spider Nest)
 46675 | Spider:3 | Received a gift from Okawaru
 46767 | Spider:3 | Identified the +11 hand axe "Sitir" {chop, -Tele MP+9 Str+10} (You found it on level 2 of the Spider Nest)
 47176 | Spider:4 | Entered Level 4 of the Spider Nest
 47377 | Spider:4 | Reached skill level 20 in Crossbows
 48744 | Spider:4 | Received a gift from Okawaru
 48913 | Spider:4 | Received a gift from Okawaru
 50035 | Spider:4 | Got a gossamer rune of Zot
 50252 | Lair:1   | Identified the +1 robe of Voh Kas {rF+ Int+8} (You found it on level 3 of the Spider Nest)
 50486 | Elf:1    | Entered Level 1 of the Elven Halls
 50681 | Elf:1    | Noticed a Hell Sentinel
 50686 | Elf:1    | Reached XP level 20. HP: 125/140 MP: 26/26
 50737 | Elf:1    | Identified the Volume of the Escort
 50741 | Elf:1    | Learned a level 1 spell: Summon Butterflies
 51318 | Elf:1    | Reached skill level 21 in Crossbows
 51476 | Elf:2    | Received a gift from Okawaru
 51484 | Elf:2    | Found a runed gate.
 51484 | Elf:2    | Found a runed gate.
 51486 | Elf:2    | Found a runed gate.
 51717 | Elf:2    | Found Udwiluc's Jewellery Emporium.
 51717 | Elf:2    | Found Uraul's Gadget Boutique.
 51718 | Elf:2    | Found Soodgh's Jewellery Emporium.
 52435 | Elf:2    | Received a gift from Okawaru
 52528 | Elf:3    | Entered Level 3 of the Elven Halls
 52916 | Elf:3    | Noticed Bai Suzhen
 52980 | Elf:3    | Killed Bai Suzhen
 53185 | Elf:3    | Reached XP level 21. HP: 65/146 MP: 19/27
 53199 | Elf:3    | Noticed a Brimstone Fiend
 53588 | Elf:3    | Received a gift from Okawaru
 53618 | Elf:3    | Reached skill level 22 in Crossbows
 53922 | Elf:3    | Got a dazzling spear
 53949 | Elf:3    | Identified the +8 spear "Ulyawnul" {freeze, +Inv rN+ Int+3 Dex+2} (You found it on level 3 of the Elven Halls)
 54009 | Elf:3    | Received a gift from Okawaru
 54049 | Elf:3    | Received a gift from Okawaru
 54076 | Elf:3    | Identified the Volume of Ignition and Snow
 54157 | Elf:3    | Identified the Disquisition on Conjuration and Ignition
 54864 | Elf:3    | Found a portal to a secret trove of treasure.
 54891 | Elf:3    | Noticed Mara
 54893 | Elf:3    | Noticed Host24's illusion
 54922 | Elf:3    | Killed Mara
 54922 | Elf:3    | Received a gift from Okawaru
 55026 | Elf:3    | Found Edaceh's Distillery.
 55217 | Elf:3    | Got a tattered robe
 55319 | Elf:3    | Identified a -1 rod of shadows (14/14) (You found it on level 3 of the Elven Halls)
 55590 | Lair:1   | Identified the cursed +0 robe of Eriqit {rN+ Regen+ Int+3} (You found it on level 3 of the Elven Halls)
 55864 | Swamp:4  | Killed the 27-headed Lernaean hydra
 56071 | Lair:2   | Reached skill level 23 in Crossbows
 56248 | Depths:1 | Entered Level 1 of the Depths
 57224 | Depths:1 | Found a glowing golden altar of the Shining One.
 57238 | Depths:1 | Found a gateway to Hell.
 57247 | Depths:1 | Received a gift from Okawaru
 57275 | Depths:1 | Got a transparent arbalest {god gift}
 57276 | Depths:1 | Identified the +3 arbalest of Peheic {elec, rF+} (Okawaru gifted it to you on level 1 of the Depths)
 57732 | Depths:1 | Reached XP level 22. HP: 142/152 MP: 28/28
 58109 | Depths:2 | Reached skill level 10 in Armour
 58292 | Depths:2 | Received a gift from Okawaru
 58470 | Depths:2 | Found a one-way gate to the infinite horrors of the Abyss.
 58692 | Depths:2 | Got a smoking leather armour
 59094 | Depths:3 | Received a gift from Okawaru
 59208 | Depths:3 | Received a gift from Okawaru
 59610 | Depths:3 | Found a one-way gate leading to the halls of Pandemonium.
 59638 | Depths:3 | Received a gift from Okawaru
 60101 | Depths:3 | Reached skill level 24 in Crossbows
 60443 | Depths:3 | Got a shimmering buckler
 60505 | Depths:3 | Found an iron altar of Okawaru.
 60539 | Depths:3 | Got a faintly humming leather armour
 60606 | Depths:3 | Paralysed by a floating eye for 2 turns
 60700 | Depths:3 | Noticed a juggernaut
 60999 | Lair:1   | Identified the +0 buckler of a sewer {+Blink Str+7 Dex+5} (You found it on level 3 of the Depths)
 61009 | Lair:1   | Identified the cursed +0 leather armour "Viekkyxa" {rN+} (You found it on level 2 of the Depths)
 61022 | Lair:1   | Identified the +3 leather armour of Distant Worlds {rF- Str+8 SInv Stlth+} (You found it on level 3 of the Depths)
 61509 | Depths:3 | Reached XP level 23. HP: 125/157 MP: 29/29
 61516 | Depths:3 | Received a gift from Okawaru
 61941 | Depths:3 | Slain by a juggernaut

Skill      XL: |  1  2  3  4  5  6  7  8  9 10 11 12 13 14 15 16 17 18 19 20 21 22 |
---------------+-------------------------------------------------------------------+-----
Fighting       | 3 6 7 9 12 13 14 15 16 19 20 | 20.2
Dodging        | 3 7 8 10 12 13 14 15 16 19 21 22 | 22.0
Crossbows      | 5 10 12 13 15 16 18 19 20 21 23 24 | 24.6
Invocations    | 5 6 7 8 |  8.0
Maces & Flails | 2 3 4 5 |  5.1
Armour         | 7 8 9 11 | 11.0
Stealth        | |  1.3

Action                   |  1- 3 |  4- 6 |  7- 9 | 10-12 | 13-15 | 16-18 | 19-21 | 22-24 || total
-------------------------+-------+-------+-------+-------+-------+-------+-------+-------++-------
Melee: Short sword       |    60 |       |   271 |    28 |       |       |       |       ||   359
       Dagger            |    46 |   157 |   446 |   734 |    10 |       |       |       ||  1393
       Morningstar       |       |       |       |   288 |   956 |   885 |    67 |    96 ||  2292
       Broad axe         |       |       |       |    22 |     2 |   229 |   346 |       ||   599
       Hand axe          |       |       |       |       |       |       |     5 |       ||     5
 Fire: Hand crossbow     |       |    18 |    36 |   125 |   174 |       |       |       ||   353
       Blowgun           |       |     5 |    38 |       |       |       |       |       ||    43
       Arbalest          |       |       |       |       |   152 |   559 |   875 |   395 ||  1981
Throw: Stone             |       |       |     5 |       |       |       |       |       ||     5
Invok: Heroism           |       |       |       |       |       |     3 |     3 |     1 ||     7
       Finesse           |       |       |       |       |       |     2 |     4 |     1 ||     7
Evoke: Wand              |       |       |       |       |     1 |       |       |       ||     1
  Use: Scroll            |       |     4 |     1 |    17 |    11 |     8 |     6 |     3 ||    50
       Potion            |       |     3 |     3 |     9 |    11 |    10 |     1 |       ||    37
 Stab: Sleeping          |     3 |     2 |     9 |     6 |     5 |     1 |     3 |       ||    29
       Distracted        |       |       |     1 |       |     1 |     2 |     4 |       ||     8
       Petrified         |       |       |       |       |     4 |       |       |       ||     4
       Confused          |       |       |       |       |       |     1 |       |       ||     1
  Eat: Chunk             |     9 |     8 |    18 |    40 |    46 |    51 |    36 |    13 ||   221
       Meat ration       |       |       |       |     1 |       |       |       |       ||     1
       Pizza             |       |       |       |       |       |       |     1 |       ||     1
Armor: Leather armour    |    26 |    35 |   122 |    91 |    12 |       |       |       ||   286
       Troll leather arm |       |       |       |   140 |    18 |       |       |       ||   158
       Ring mail         |       |       |       |       |   268 |   369 |   257 |    56 ||   950
       Skin              |       |       |       |       |       |     3 |       |       ||     3
Dodge: Dodged            |   103 |   112 |   667 |  1459 |  2655 |  3264 |  1947 |   554 || 10761
Block: Buckler           |       |       |       |       |       |       |       |     7 ||     7
